 Dungeon Crawl Stone Soup version 0.17-a0-802-g1f09329 (webtiles) character file.

725 Lokkij the Slasher (level 7, -4/49 HPs)
             Began as a Vampire Skald on Apr 26, 2015.
             Slain by Natasha (7 damage)
             ... on level 4 of the Dungeon.
             The game lasted 00:11:58 (3724 turns).

Lokkij the Slasher (Vampire Skald)                  Turns: 3724, Time: 00:11:58

Health: -4/49      AC:  0    Str:  6    XL:     7   Next: 43%
Magic:  10/12      EV: 18    Int: 17    God:
Gold:   175        SH:  0    Dex: 18    Spells: 3 memorised, 7 levels left

rFire  . . .     SeeInvis +     (weapon currently unavailable)
rCold  . . .     Clarity  +     (armour currently unavailable)
rNeg   + . .     SustAb   .     (shield currently unavailable)
rPois  .         Gourm    .     (helmet currently unavailable)
rElec  .         Spirit   .     (cloak currently unavailable)
rCorr  .         Warding  .     (gloves currently unavailable)
rMut   .         Stasis   .     (boots currently unavailable)
MR     .....                    h - amulet of clarity
Stlth  ++........               (ring currently unavailable)
                                (ring currently unavailable)

@: bat-form, flying, very quick, not resistant to hostile enchantments,
unstealthy
A: (fangs 0), see invisible, (unbreathing)
a: End Transformation


You were on level 4 of the Dungeon.
You were not thirsty.
You were in vampire-bat-form.
You visited 1 branch of the dungeon, and saw 4 of its levels.

You collected 175 gold pieces.

Inventory:

Hand weapons
 a - a +1 falchion (melded)
Armour
 b - a +0 leather armour (melded)
 p - a +0 helmet (melded)
 x - a +0 pair of gloves (melded)
Jewellery
 f - a ring of magical power (melded)
 g - a +1 ring of slaying {unknown}
 h - an amulet of clarity (around neck)
 o - a +4 ring of protection (melded)
 t - an uncursed amulet of stasis
Scrolls
 e - a scroll of enchant armour {unknown}
 i - a scroll of magic mapping {unknown}
 k - a scroll of recharging {unknown}
 l - a scroll of blinking {unknown}
 m - a scroll of fear {unknown}
 q - 2 scrolls of random uselessness {unknown}
 r - 4 scrolls of teleportation {unknown}
 s - 5 scrolls of identify {unknown}
 u - 2 scrolls of amnesia
 v - a scroll of remove curse
 w - a scroll of enchant weapon
Potions
 d - 3 potions of blood
 j - 3 potions of brilliance
 n - a potion of curing
Books
 c - a book of Battle

   Spells                             Type                      Level
   a - Infusion                       Charms                       1
   b - Shroud of Golubria             Charms/Translocation         2
   c - Song of Slaying                Charms                       2
   d - Spectral Weapon                Hexes/Charms                 3
   e - Regeneration                   Charms/Necromancy            3


   Skills:
 - Level 1.7 Fighting
 * Level 7.1 Long Blades
 - Level 0.7 Armour
 - Level 1.1 Dodging
 + Level 3.3 Spellcasting
 - Level 5.0 Charms


You had 7 spell levels left.
You knew the following spells:

 Your Spells              Type           Power        Failure   Level  Hunger
a - Infusion              Chrm           ###...       10%         1    None
b - Shroud of Golubria    Chrm/Tloc      ##........   28%         2    ##.....
c - Song of Slaying       Chrm           ###.....     12%         2    ##.....


Dungeon Overview and Level Annotations

Branches:
Dungeon (4/15)
 Temple: D:4-7

Altars:
Cheibriados

Annotations:
D:4 Natasha


Innate Abilities, Weirdness & Mutations

((You have razor-sharp teeth.))
You have supernaturally acute eyesight.
((You can survive without breathing.))


Message History

You hit Natasha.
Natasha is heavily wounded.
The white imp hits you. The white imp freezes you.
The white imp gestures at you. The puff of frost hits you!
* * * LOW HITPOINT WARNING * * *
Natasha barely misses you.
Use which ability? (? or * to list)
You turn into a vampire bat.
Your +1 falchion melds into your body.
Your +0 helmet melds into your body.
Your +0 pair of gloves melds into your body.
Your +0 leather armour melds into your body.
Your +4 ring of protection melds into your body.
Your ring of magical power melds into your body.
You feel your magic capacity decrease. The white imp hits you.
* * * LOW HITPOINT WARNING * * *
The white imp freezes you.
* * * LOW HITPOINT WARNING * * *
The white imp completely misses you. Natasha claws you!
You die...

##### #.... ###### ####### #....
#######....## ##......## #....
#...........####........## #....
....#........##..........# #....
..............#..........# #....
..............#..........####....
....#..........5b................
†...##......###h5.........###....
....###....## ##........#####....
..#####.#### #..........# #..)..
..##....# #..........###.....
..#..##.# ####............†.....
#...###.####.............###.....
#..#.........##..................
..[...>...######........#######.#


You could see Natasha and 2 white imps.

Vanquished Creatures
  The ghost of namelastname112 the Twirler, an experienced DrGl (D:4)
  Sigmund (D:2)
  An orc wizard (D:3)
  Natasha (D:4)
  3 gnolls (D:2)
  6 adders
  An ooze (D:1)
  4 worms
  3 giant geckos
  7 orcs (D:3)
  13 bats
  12 goblins
  10 hobgoblins
  13 kobolds
  2 quokkas (D:2)
  A ball python (D:3)
  4 giant cockroaches
  3 giant newts
  8 jackals (D:2)
  11 rats
105 creatures vanquished.

Vanquished Creatures (others)
  A hobgoblin (D:4)
1 creature vanquished.

Grand Total: 106 creatures vanquished

Notes
Turn   | Place    | Note
--------------------------------------------------------------
     0 | D:1      | Lokkij, the Vampire Skald, began the quest for the Orb.
     0 | D:1      | Reached XP level 1. HP: 16/16 MP: 3/3
   290 | D:1      | Reached XP level 2. HP: 22/22 MP: 5/5
   296 | D:1      | Learned a level 2 spell: Shroud of Golubria
   719 | D:1      | Reached XP level 3. HP: 23/27 MP: 6/6
   725 | D:1      | Learned a level 2 spell: Song of Slaying
   835 | D:2      | Noticed Sigmund
   857 | D:2      | Killed Sigmund
   857 | D:2      | Reached skill level 4 in Long Blades
   857 | D:2      | Reached XP level 4. HP: 25/33 MP: 0/7
   857 | D:2      | Reached XP level 5. HP: 28/38 MP: 0/8
  1010 | D:2      | Reached skill level 5 in Long Blades
  1566 | D:2      | Reached XP level 6. HP: 19/44 MP: 9/9
  2151 | D:2      | Reached skill level 5 in Charms
  3312 | D:4      | Found a snail-covered altar of Cheibriados.
  3386 | D:4      | Noticed namelastname112's ghost (experienced DrGl)
  3390 | D:4      | Paralysed by namelastname112's ghost for 7 turns
  3422 | D:4      | Killed namelastname112's ghost
  3422 | D:4      | Reached skill level 7 in Long Blades
  3422 | D:4      | Reached XP level 7. HP: 37/49 MP: 11/11
  3651 | D:4      | Noticed Natasha
  3660 | D:4      | Killed Natasha
  3715 | D:4      | Noticed Natasha
  3724 | D:4      | Slain by Natasha

Action                   |  1- 3 |  4- 6 |  7- 9 || total
-------------------------+-------+-------+-------++-------
Melee: Falchion          |    81 |   289 |    29 ||   399
 Cast: Infusion          |     2 |       |       ||     2
       Song of Slaying   |     1 |     4 |       ||     5
       Shroud of Golubri |     1 |     4 |       ||     5
 Abil: Bat Form          |       |     1 |     1 ||     2
       End Transformatio |       |     1 |       ||     1
  Use: Scroll            |     3 |       |       ||     3
       Potion            |       |     6 |       ||     6
 Stab: Invisible         |       |     2 |       ||     2
  Eat: Corpse            |    10 |     2 |     1 ||    13
